 Dungeon Crawl Stone Soup version 0.27.0-1-g7a089689b8 (webtiles) character file.

Game seed: 14193162733151855743

56 ParallaxScroll the Magician (level 4, -5/31 HPs)
             Began as a Djinni Fire Elementalist on Aug 2, 2021.
             Was an Initiate of Qazlal.
             Slain by a gnoll (10 damage)
             ... on level 2 of the Dungeon.
             The game lasted 00:05:42 (1692 turns).

ParallaxScroll the Magician (DjFE)                  Turns: 1692, Time: 00:05:43

Health: -5/31      AC:  2    Str:  7    XL:     4   Next: 15%
Gold:   52         EV: 12    Int: 17    God:    Qazlal [......] SH:  0 Dex: 14

rFire    + + .     SeeInvis .   a - +2 halberd (protect)
rCold    x . .     Faith    .   (shield currently unavailable)
rNeg     . . .     Spirit   .   e - +0 robe
rPois    ∞         Reflect  .   (no helmet)
rElec    .         Harm     .   (no cloak)
rCorr    .         Rampage  .   (no gloves)
Will     .....                  (boots unavailable)
Stlth    ++........             (no amulet)
HPRegen  0.10/turn              (no ring)
MPRegen  0.00/turn              (no ring)

@: flying
A: sickness immunity, fire resistance 2, cold vulnerability 1, float, innate
caster, hp casting, extra vitality 1
a: Renounce Religion


You were on level 2 of the Dungeon.
You worshipped Qazlal.
Qazlal was noncommittal.
You visited 1 branch of the dungeon, and saw 2 of its levels.

You collected 52 gold pieces.

Inventory:

Hand Weapons
 a - a +2 halberd of protection (weapon)
Missiles
 b - 23 stones
Armour
 e - a +0 robe (worn)
Wands
 m - a wand of polymorph (11)
Scrolls
 c - 3 scrolls of identify {unknown}
 g - a scroll of teleportation {unknown}
 h - a scroll of fog {unknown}
 i - a scroll of enchant weapon {unknown}
 j - a scroll of immolation {unknown}
 k - a scroll of magic mapping {unknown}
Potions
 d - a potion of heal wounds {unknown}
 f - a potion of cancellation {unknown}
 l - a potion of haste {unknown}


   Skills:
 - Level 2.1 Dodging
 - Level 2.0 Stealth
 + Level 3.5 Spellcasting


You couldn't memorise any spells.
You knew the following spells:

 Your Spells              Type           Power      Damage    Failure   Level
a - Foxfire               Conj/Fire      60%        2x1d7     3%          1
b - Conjure Flame         Conj/Fire      15%        6-21      12%         3
c - Inner Flame           Hex/Fire       15%        N/A       12%         3
d - Sticky Flame          Conj/Fire      15%        2d4       36%         4
e - Fireball              Conj/Fire      7%         3d5       71%         5
f - Corona                Hex            16%        N/A       3%          1
Your spell library was empty.

Dungeon Overview and Level Annotations

Branches:
Dungeon (2/15)

Altars:
Qazlal


Innate Abilities, Weirdness & Mutations

You are immune to sickness and miasma.
You are immune to poison.
Your flesh is very heat resistant. (rF++)
You are vulnerable to cold. (rC-)
You float through the air rather than walking.
You learn spells naturally, not from books.
Your magical power is your life essence.
You have superior vitality. (+4 HP)


Message History

The gnoll hits you from afar with a +0 halberd!
You could not reach far enough!
The foxfire hits the gnoll but does no damage.
The foxfire hits the gnoll.
The gnoll is moderately wounded.
The gnoll hits you from afar with a +0 halberd!
* * * LOW HITPOINT WARNING * * *
The gnoll misses you.
Casting: Foxfire (safe; 4% risk of failure)
Confirm with . or Enter, or press ? or * to list all spells.
You conjure some foxfire!
* * * LOW HITPOINT WARNING * * *
The gnoll barely misses you.
The foxfire hits the gnoll.
The gnoll is severely wounded.
The foxfire hits the gnoll.
The gnoll is almost dead.
Casting: Foxfire (safe; 4% risk of failure)
Confirm with . or Enter, or press ? or * to list all spells.
You conjure some foxfire!
The gnoll shouts!
* * * LOW HITPOINT WARNING * * *
The gnoll closely misses you.
A gnoll comes into view. It is wielding a +0 flail.
The foxfire hits the gnoll.
You kill the gnoll!
Qazlal accepts your kill.
The foxfire hits the gnoll.
The gnoll is moderately wounded.
You have reached level 4!
You feel agile.
There is a stone staircase leading down here.
The gnoll throws a throwing net.
The throwing net hits you.
You become entangled in the net!
You see here a throwing net.
You tear a large gash into the net.
You struggle against the net.
The gnoll completely misses you.
You rip the net and break free!
The gnoll barely misses you. The gnoll hits you with a +0 flail!
You die...

#.# ##..............# #.#
#..._...####.##.#### #.#
#.......# #.......# #.#
#.......# #..#.##.# #.##
##...÷.÷.# ##.###.#.# #..#
#÷.......###.## ##..# ##.#
#.....÷..##...###.#.# #.#
#.###.#.##.....#.##.# #.#
#.##.#...@g.........# #.#
#........#g...).##### #.#
#..#.##..#)...#.# #.#
#........#.#.##.#
#.#####.#......÷.....#######
#..........##.######[.......
#######.##.##.# #.#######
#.......# #.# ###..<###
####g####


You could see 2 gnolls.

Vanquished Creatures
  A gnoll (D:2)
  An adder (D:2)
  A worm (D:2)
  5 bats (D:1)
  3 endoplasms (D:1)
  A giant cockroach (D:1)
  A goblin (D:1)
  2 hobgoblins
  8 jackals
  3 ball pythons (D:1)
  2 frilled lizards (D:1)
  2 kobolds (D:1)
  3 rats
33 creatures vanquished.

Vanquished Creatures (others)
  56 foxfires
56 creatures vanquished.

Grand Total: 89 creatures vanquished

Notes
Turn   | Place    | Note
-------+----------+-------------------------------------------
     0 | D:1      | ParallaxScroll the Djinni Fire Elementalist began the quest
                  | for the Orb.
     0 | D:1      | Reached XP level 1. HP: 15/15 MP: 0/0
   289 | D:1      | Reached XP level 2. HP: 20/21 MP: 0/0
   591 | D:1      | Reached skill level 3 in Spellcasting
   591 | D:1      | Reached XP level 3. HP: 9/25 MP: 0/0
   591 | D:1      | Learned a level 1 spell: Corona
  1300 | D:2      | Found a stormy altar of Qazlal.
  1377 | D:2      | Became a worshipper of Qazlal Stormbringer
  1688 | D:2      | Reached XP level 4. HP: 4/31 MP: 0/0
  1692 | D:2      | Slain by a gnoll

Illustrated notes

Levels and vault maps discovered:
D:1:      dpeg_arrival_solitude, layout_loops_ring, serial_aquarium,
          aquarium_bridge_straight [aquarium_subvault_bridge,
          aquarium_subvault_wall, aquarium_subvault_bridge,
          aquarium_subvault_window], aquarium_window_1, aquarium_window_2,
          aquarium_window_fake, aquarium_view_2g, aquarium_balcony_5a,
          aquarium_pool_2
D:2:      layout_loops_cross, basic_altar, serial_shops,
          nicolae_shop_waterfront, minmay_misc_feat_pillars

Skill      XL: |  1  2 |
---------------+-------+-----
Stealth        | 2 |  2.0
Spellcasting   | 3 |  3.5
Dodging        | |  2.1

Action                   |  1- 3 |  4- 6 || total
-------------------------+-------+-------++-------
Melee: Club              |     3 |       ||     3
       Halberd           |    29 |       ||    29
 Cast: Foxfire           |    36 |       ||    36
 Stab: Sleeping          |     6 |       ||     6
Armor: Robe              |     8 |       ||     8
Dodge: Dodged            |    29 |     2 ||    31
